 Dungeon Crawl Stone Soup version 0.31-a0-1204-ge2c1a860ed (webtiles) character file.

Game seed: 9111290601505583703

147 jasper the Digger (level 5, -5/24 HPs)
             Began as a Spriggan Earth Elementalist on Dec 12, 2023.
             Slain by a two-headed ogre
             ... wielding a +0 giant club
              (29 damage)
             ... on level 5 of the Dungeon.
             The game lasted 00:04:20 (3513 turns).

jasper the Digger (Spriggan Earth Elementalist)     Turns: 3513, Time: 00:04:21

Health: -5/24      AC:  3    Str:  2    XL:     5   Next: 8%
Magic:  9/10       EV: 17    Int: 24    God:
Gold:   108        SH:  0    Dex: 15    Spells: 0/10 levels left

rFire   . . .        i - +4 sling of the Imbibing Gods {flame, Str-2 Int+5}
rCold   . . .        (no shield)
rNeg    . . .        a - +1 robe
rPois   .            (helmet restricted)
rElec   .            (no cloak)
rCorr   .            (gloves unavailable)
SInv    +            (boots unavailable)
Will    .....        o - amulet of magic regeneration
Stlth   ++           (no ring)
HPRegen 0.24/turn    (no ring)
MPRegen 0.52/turn

%: no passive effects
@: very quick
A: very small, no large weapons, unfitting armour, see invisible, speed 3
a: no special abilities


You were on level 5 of the Dungeon.
You visited 1 branch of the dungeon, and saw 5 of its levels.

You collected 141 gold pieces.
You spent 33 gold pieces at shops.

Inventory:

Hand Weapons
 d - a +0 short sword
 g - a +2 dagger of speed
 i - the +4 sling of the Imbibing Gods (weapon) {flame, Str-2 Int+5}
   (You found it on level 2 of the Dungeon)

   Str-2:     It affects your strength (-2).
   Int+5:     It affects your intelligence (+5).
Missiles
 n - 2 poisoned darts
Armour
 a - a +1 robe (worn)
Jewellery
 o - an amulet of magic regeneration (around neck)
 q - an amulet of guardian spirit
Scrolls
 h - 2 scrolls of fog
 l - 2 scrolls of identify
Potions
 b - a potion of magic
 c - 6 potions of curing
 e - 2 potions of haste
 f - 2 potions of enlightenment
 j - 2 potions of might
 k - a potion of berserk rage
 m - a potion of brilliance


   Skills:
 - Level 2.6 Dodging
 - Level 3.0 Stealth
 - Level 3.0 Spellcasting
 - Level 1.3 Transmutations
 + Level 5.2 Earth Magic


You couldn't memorise any spells.
You knew the following spells:

 Your Spells              Type           Power      Damage    Failure   Level
a - Sandblast             Erth           56%        2d13      1%          1
b - Passwall              Tmut/Erth      15%        N/A       4%          2
c - Stone Arrow           Conj/Erth      32%        3d9       11%         3
d - Brom's Barrelling Bo  Conj/Erth      16%        2d4       36%         4

Your spell library contained the following spells:

 Spells                   Type           Power      Damage    Failure   Level
 Slow                     Hex            12%        N/A       11%         1
 Summon Small Mammal      Summ           12%        N/A       11%         1
 Petrify                  Tmut/Erth      19%        N/A       28%         4
 Call Canine Familiar     Summ           3%         N/A       32%         3
 Summon Guardian Golem    Hex/Summ       3%         N/A       32%         3


Dungeon Overview and Level Annotations

Branches:
Dungeon (5/15)
 Temple: D:4-7

Altars:
Makhleb
Sif Muna
Zin

Shops:
D:1 !

Annotations:
D:3 3 runed translucent doors, kd29's ghost, amateur OpSh


Innate Abilities, Weirdness & Mutations

You are very small and have problems with some larger weapons.
You are too small for most types of armour.
You have supernaturally acute eyesight. (SInv)
You cover ground extremely quickly. (Speed+++)


Message History

Found an escape hatch in the floor.
Found a stone staircase leading down.
p - a scroll labelled EMORUNN QUAWN
Found an escape hatch in the ceiling.
Found a stone staircase leading down.
As you read the scroll labelled EMORUNN QUAWN, it crumbles to dust.
It is a scroll of amnesia.
Okay, then.
A two-headed ogre comes into view. It is wielding two +0 giant clubs.
Found a stone staircase leading up.
A two-headed ogre is nearby!
Found a ring mail.
Aiming: Sandblast (safe; 1% risk of failure)
Press: ? - help, Q - select action, (/) - cycle Shift-Dir - straight line, f - two-headed ogre
Aim: a two-headed ogre, wielding two +0 giant clubs (asleep, 100% to hit)
The blast of sand hits the two-headed ogre.
The two-headed ogre is lightly wounded.
The two-headed ogre shouts in stereo!
You now have 9/10 mp.
Aiming: Sandblast (safe; 1% risk of failure)
Press: ? - help, Q - select action, (/) - cycle Shift-Dir - straight line, f/p - two-headed ogre
Aim: a two-headed ogre, wielding two +0 giant clubs (lightly wounded, 92% to hit)
The blast of sand hits the two-headed ogre!
The two-headed ogre is moderately wounded.
MP restored: 10
Aiming: Sandblast (safe; 1% risk of failure)
Press: ? - help, Q - select action, (/) - cycle Shift-Dir - straight line, f/p - two-headed ogre
Aim: a two-headed ogre, wielding two +0 giant clubs (moderately wounded, 92% to hit)
The blast of sand hits the two-headed ogre.
The two-headed ogre is moderately wounded.
You now have 9/10 mp.
Aiming: Sandblast (safe; 1% risk of failure)
Press: ? - help, Q - select action, (/) - cycle Shift-Dir - straight line, f/p - two-headed ogre
Aim: a two-headed ogre, wielding two +0 giant clubs (moderately wounded, 92% to hit)
The blast of sand hits the two-headed ogre.
The two-headed ogre is moderately wounded.
The two-headed ogre attacks as it pursues you!
The two-headed ogre misses you.
The two-headed ogre hits you with a +0 giant club!!
Ouch! That really hurt!
You die...

###.##..##.......... ..
#..##.#.####.# . #.
#..##.#.####.### .. #.
#.>##........... #..#.
#............### #.....
........######
###...#######...########
#.[.....<## #...........
#...####@.........
#......O<..#######.
#.#...###............
#....!...............
#########>..#########
##...... #######


You could see a two-headed ogre.

Vanquished Creatures
  Jessica (D:2)
  4 gnolls (D:3)
  2 adders
  3 dart slugs
  An orc (D:4)
  5 bats
  3 endoplasms
  2 giant cockroaches (D:1)
  8 goblins
  4 hobgoblins
  3 jackals (D:4)
  5 quokkas
  6 ball pythons
  2 frilled lizards
  4 kobolds
  4 rats
57 creatures vanquished.

Notes
Turn   | Place    | Note
-------+----------+-------------------------------------------
     0 | D:1      | jasper the Spriggan Earth Elementalist began the quest for
                  | the Orb.
     0 | D:1      | Reached XP level 1. HP: 9/9 MP: 5/5
   132 | D:1      | Found Raotoor's Distillery.
   228 | D:1      | Reached skill level 3 in Earth Magic
   252 | D:1      | Reached XP level 2. HP: 13/13 MP: 1/7
   862 | D:1      | Learned a level 2 spell: Passwall
   891 | D:2      | Found a shimmering blue altar of Sif Muna.
  1020 | D:2      | Identified the +4 sling of the Imbibing Gods {flame, Str-2
                  | Int+5}
  1073 | D:2      | Reached XP level 3. HP: 12/16 MP: 3/8
  1077 | D:2      | Learned a level 3 spell: Stone Arrow
  1404 | D:2      | Noticed Jessica
  1407 | D:2      | Killed Jessica
  1408 | D:2      | Reached skill level 4 in Earth Magic
  1408 | D:2      | Reached XP level 4. HP: 21/21 MP: 6/9
  1460 | D:2      | Got Jessica's Opusculum on Malisons
  1757 | D:1      | Bought a potion of curing for 33 gold pieces
  2319 | D:3      | Reached skill level 5 in Earth Magic
  2624 | D:3      | Found a runed translucent gate.
  2624 | D:3      | Found a runed translucent gate.
  2625 | D:3      | Found a runed translucent gate.
  2630 | D:3      | Noticed kd29's ghost (amateur OpSh)
  2939 | D:4      | Reached XP level 5. HP: 24/24 MP: 10/10
  2944 | D:4      | Learned a level 4 spell: Brom's Barrelling Boulder
  2996 | D:4      | Found a burning altar of Makhleb.
  2996 | D:4      | Found a glowing silver altar of Zin.
  2997 | D:4      | Noticed an angel
  2997 | D:4      | Noticed a blizzard demon
  3465 | D:5      | Entered Level 5 of the Dungeon
  3499 | D:5      | Noticed a two-headed ogre
  3513 | D:5      | Slain by a two-headed ogre

Illustrated notes

Levels and vault maps discovered:
D:1:      saegor_arrival_fortress, layout_loops_ring, serial_shops,
          nicolae_square_shop, minmay_tetromino_t2
D:2:      layout_basic, basic_altar, minivault_11, kennysheep_jessica_study
D:3:      layout_loops_ring, gammafunk_ghost_necromancy
D:4:      layout_basic, grunt_temple_overflow_order_and_chaos_2,
          item_on_display_a
D:5:      layout_loops_ring, grunt_temple_overflow_opulence,
          general_overflow_altar, grunt_dithmenos_smoke,
          minmay_temple_entry_proselytizer, serial_shops,
          nicolae_shop_tiny_glass

Skill      XL: |  1  2  3  4 |
---------------+-------------+-----
Spellcasting   | 3 |  3.0
Earth Magic    | 3 4 5 |  5.2
Dodging        | |  2.6
Stealth        | |  3.0
Transmutations | |  1.3

Action                     |  1- 3 |  4- 6 || total
---------------------------+-------+-------++-------
   Fire: Sling             |     2 |       ||     2
   Cast: Sandblast         |    37 |    44 ||    81
    Use: Scroll            |       |    14 ||    14
 Armour: Robe              |     1 |     3 ||     4
  Dodge: Dodged            |     1 |     7 ||     8

Table legend: (Time is in decaauts)
 A = Elapsed time spent in this place.
 B = Non-inter-level travel time spent in this place.
 C = Inter-level travel time spent in this place.
 D = Time resting spent in this place.
 E = Time spent auto-exploring this place.
 F = Levels seen in this place.
 G = Mean time per level.
                   A        B        C        D        E       F      G
               +--------+--------+--------+--------+--------+-----+--------+
         Total |   2474 |   2354 |    120 |     38 |   1996 |   5 |  494.8 |
       Dungeon |   2474 |   2354 |    120 |     38 |   1996 |   5 |  494.8 |
               +--------+--------+--------+--------+--------+-----+--------+

Top non-repeatable levels by time:
     D:1: 683 daAuts
     D:2: 626 daAuts
     D:3: 611 daAuts
     D:4: 519 daAuts
     D:5: 33 daAuts
